[Event "Titled Tuesday Blitz October 18 Late 2022"]
[White "Golubev, Mikhail"]
[Black "Shapiro, Daniel"]
[WhiteFideId "14100983"]
[BlackFideId "2001780"]
[WhiteElo "2374"]
[BlackElo "2222"]
[Result "1-0"]
[Round "05"]
[TimeControl "180+1"]
[Date "2022.10.19"]
[WhiteClock "0:00:06"]
[BlackClock "0:00:01"]

1. e4 c5 2. Nf3 e6 3. d4 cxd4 4. Nxd4 a6 5. Bd3 g6 6. O-O Bg7 7. Be3 Ne7 8. c4 Nbc6 9. Nxc6 bxc6 10. Nc3 d5 11. cxd5 cxd5 12. exd5 Nxd5 13. Bc5 Nxc3 14. bxc3 Bxc3 15. Rc1 Bf6 16. Qf3 Bd7 17. Bb6 Qxb6 18. Qxa8+ Ke7 19. Qxa6 Qxa6 20. Bxa6 Ra8 21. Bc4 Ra5 22. Bb3 Bb5 23. Rfd1 Be5 24. Rc2 Bd6 25. h3 Be8 26. Rcd2 Ba3 27. Rd4 h5 28. Rc4 Bd6 29. a4 Ba3 30. g3 Kf6 31. h4 Ke7 32. Rd2 Bd6 33. Ra2 Bb8 34. Bc2 Ba7 35. Be4 Bc5 36. Kg2 Kd6 37. Bf3 Ke7 38. Rac2 Kd6 39. Rd2+ Ke7 40. Ra2 Bd7 41. Bd1 Bc6+ 42. Kg1 Bd5 43. Rac2 Bxc4 44. Rxc4 Kd6 45. Kg2 Kc6 46. Bf3+ Kd6 47. Re4 Ra7 48. Rc4 Ra5 49. Be2 Ra7 50. Re4 Ra5 51. Bb5 Ra7 52. Re2 Bb4 53. Rc2 Bc5 54. Rd2+ Ke7 55. Kf3 Bd6 56. Ke4 Bb4 57. Rc2 Ba5 58. Kf3 Rc7 59. Re2 Ra7 60. Kg2 Rc7 61. Kg1 Ra7 62. Kg2 Rc7 63. Ra2 Ra7 64. Ra3 Rc7 65. Rf3 Ra7 66. Rd3 Rc7 67. Rd4 Ra7 68. Rd3 Rc7 69. Re3 Ra7 70. Re4 Rc7 71. Re2 Ra7 72. Bd3 Rc7 73. Bc2 Ra7 74. Bb3 Rc7 75. Re3 Rb7 76. Rf3 Rc7 77. Rd3 Rc3 78. Rxc3 Bxc3 79. Bc4 Ba5 80. Bb5 f6 81. Kf3 g5 82. Ke4 gxh4 83. gxh4 Be1 84. Ke3 Bb4 85. Be2 1-0


[Site "https://www.chess.com"]

[Event "Titled Tuesday Blitz October 18 Late 2022"]
[White "Goncalves, Davi Sulzbacher"]
[Black "Rustemov, Alexander"]
[WhiteFideId "2154510"]
[BlackFideId "4119002"]
[WhiteElo "2182"]
[BlackElo "2757"]
[Result "0-1"]
[Round "05"]
[TimeControl "180+1"]
[Date "2022.10.18"]
[WhiteClock "0:00:02"]
[BlackClock "0:00:31"]

1. Nf3 d5 2. g3 Nf6 3. d4 Bf5 4. c4 c6 5. cxd5 cxd5 6. Bg2 Nc6 7. O-O e6 8. Nc3 Be7 9. Bf4 O-O 10. Ne5 Rc8 11. Qa4 Qb6 12. Nxc6 Rxc6 13. Qb3 Qxb3 14. axb3 a6 15. Rfc1 Rfc8 16. Na4 Bc2 17. Nc5 Bxc5 18. dxc5 Bxb3 19. Rc3 Bc4 20. e4 Rxc5 21. b4 R5c6 22. exd5 Nxd5 23. Bxd5 Bxd5 24. Rxc6 Bxc6 25. Rd1 f6 26. Be3 Bd5 27. Rc1 Bc6 28. Kf1 Kf7 29. Ke2 e5 30. Bc5 Ke6 31. Rd1 Bd5 32. Rd2 Rc6 33. f4 b6 34. Bf8 g6 35. fxe5 fxe5 36. Kf2 a5 37. bxa5 bxa5 38. h4 a4 39. h5 gxh5 40. Rd3 Rc4 41. Re3 Rg4 42. Ba3 h4 43. gxh4 Rxh4 44. Kg3 Rh1 45. Bb2 e4 46. Ba3 Kf5 47. Re2 Rb1 48. Rf2+ Ke6 49. Bf8 a3 0-1


[Site "https://www.chess.com"]

[Event "Titled Tuesday Blitz October 18 Late 2022"]
[White "Gorodetzky, David"]
[Black "Bortnyk, Mykola"]
[WhiteFideId "2813416"]
[BlackFideId "14120836"]
[WhiteElo "2487"]
[BlackElo "2582"]
[Result "0-1"]
[Round "05"]
[TimeControl "180+1"]
[Date "2022.10.18"]
[WhiteClock "0:00:06"]
[BlackClock "0:01:15"]

1. d4 Nf6 2. Nf3 e6 3. Bf4 Bd6 4. Bg5 Be7 5. Bxf6 Bxf6 6. e4 d6 7. c3 c5 8. Bb5+ Bd7 9. Bxd7+ Nxd7 10. O-O Qb6 11. Na3 cxd4 12. Qa4 dxc3 13. bxc3 Qc6 14. Qxc6 bxc6 15. Rad1 Be7 16. Nc4 d5 17. Na5 Rc8 18. Nd4 Nb8 19. c4 dxe4 20. Rfe1 Bb4 21. Nb7 Bxe1 22. Nd6+ Ke7 23. Nxc8+ Rxc8 24. Rxe1 c5 25. Nb5 a6 26. Nc3 f5 27. Rb1 Nd7 28. Rb7 Rb8 29. Ra7 Rb4 30. g3 Rxc4 31. Ne2 Rc2 32. Nf4 Rxa2 33. Rc7 g5 34. Nh5 Kd6 35. Ra7 c4 36. Ng7 c3 37. Ne8+ Ke7 0-1


[Site "https://www.chess.com"]

[Event "Titled Tuesday Blitz October 18 Late 2022"]
[White "Graif, William"]
[Black "Bazeev, German"]
[WhiteFideId "2609835"]
[BlackFideId "24119350"]
[WhiteElo "2501"]
[BlackElo "2749"]
[Result "0-1"]
[Round "05"]
[TimeControl "180+1"]
[Date "2022.10.19"]
[WhiteClock "0:00:01"]
[BlackClock "0:00:13"]

1. d4 Nf6 2. Nc3 d5 3. e4 e6 4. Bg5 dxe4 5. f3 Nc6 6. Bb5 Bb4 7. fxe4 h6 8. Bxf6 Qxf6 9. Nf3 Bd7 10. O-O Qe7 11. Bxc6 Bxc6 12. Ne5 O-O 13. Qg4 Rad8 14. Ne2 Bb5 15. c4 Be8 16. Rad1 c5 17. d5 exd5 18. Qg3 dxc4 19. Rxd8 Qxd8 20. Nxc4 Bb5 21. b3 Qg5 22. Qxg5 hxg5 23. Rd1 Bc6 24. Ng3 Bc3 25. Rd3 Bd4+ 26. Kf1 b5 27. Nd2 Be5 28. h3 Re8 29. Nf5 g6 30. Nh6+ Kg7 31. Ng4 Bc7 32. Rc3 Bb6 33. e5 Bd7 34. Nf3 Be6 35. Nf6 Rd8 36. Ke2 c4 0-1


[Site "https://www.chess.com"]

[Event "Titled Tuesday Blitz October 18 Late 2022"]
[White "Guliyev, Namig"]
[Black "Fedoseev, Vladimir"]
[WhiteFideId "13400363"]
[BlackFideId "24130737"]
[WhiteElo "2526"]
[BlackElo "2726"]
[Result "1-0"]
[Round "05"]
[TimeControl "180+1"]
[Date "2022.10.18"]
[WhiteClock "0:00:12"]
[BlackClock "0:00:03"]

1. e4 e5 2. Nf3 Nc6 3. Bb5 Nf6 4. O-O Nxe4 5. Re1 Nd6 6. a4 f6 7. d4 Nf7 8. Nc3 d6 9. Nd5 Bd7 10. c3 Be7 11. a5 a6 12. Bc4 O-O 13. b4 Qc8 14. Qb3 Bd8 15. h3 Ne7 16. Nxe7+ Bxe7 17. Ra2 Qe8 18. Rae2 Kh8 19. Nh2 Bb5 20. f4 Bxc4 21. Qxc4 Qd7 22. dxe5 dxe5 23. Nf3 Bd6 24. fxe5 Nxe5 25. Nxe5 fxe5 26. Qe4 Qc6 27. Qxc6 bxc6 28. Be3 Kg8 29. Rd1 Rad8 30. Rf2 Rxf2 31. Kxf2 Kf7 32. Kf3 Ke6 33. Ke4 Rb8 34. h4 Be7 35. h5 Rb5 36. h6 gxh6 37. Rh1 Bf8 38. Bxh6 Bd6 39. Be3 c5 40. Rh6+ Kd7 41. bxc5 Bxc5 42. Rxa6 1-0


[Site "https://www.chess.com"]

[Event "Titled Tuesday Blitz October 18 Late 2022"]
[White "Gunduz, Umut Erdem"]
[Black "Licznerski, Lukasz"]
[WhiteFideId "6381383"]
[BlackFideId "1179250"]
[WhiteElo "2182"]
[BlackElo "2403"]
[Result "0-1"]
[Round "05"]
[TimeControl "180+1"]
[Date "2022.10.18"]
[WhiteClock "0:00:33"]
[BlackClock "0:00:19"]

1. e4 c6 2. d4 d5 3. Nd2 dxe4 4. Nxe4 Nd7 5. Nf3 Ngf6 6. Nxf6+ Nxf6 7. Be3 Bg4 8. h3 Bh5 9. Bc4 e6 10. O-O Qc7 11. a4 Nd5 12. Bd2 Be7 13. Re1 O-O 14. c3 Rfd8 15. g4 Bg6 16. Ne5 c5 17. Nxg6 hxg6 18. Rc1 cxd4 19. cxd4 Qb6 20. Be3 Bf6 21. Qb3 Bxd4 22. Bxd4 Qxd4 23. Bxd5 Qxd5 24. Rc4 Rd7 25. Rec1 Rad8 26. Qe3 b6 27. Qf4 g5 28. Qe3 g6 29. b3 Qd3 30. Qxg5 Qxh3 31. Rc8 Rxc8 32. Rxc8+ Kh7 33. Qc1 Qxg4+ 34. Kf1 Rd1+ 0-1


[Site "https://www.chess.com"]

[Event "Titled Tuesday Blitz October 18 Late 2022"]
[White "Guzman Moneo, Alberto"]
[Black "De La Colina, Nicolas"]
[WhiteFideId "2209616"]
[BlackFideId "30946921"]
[WhiteElo "2247"]
[BlackElo "2600"]
[Result "0-1"]
[Round "05"]
[TimeControl "180+1"]
[Date "2022.10.19"]
[WhiteClock "0:00:17"]
[BlackClock "0:00:07"]

1. e4 c5 2. Nc3 Nc6 3. Bb5 Nd4 4. Nf3 a6 5. Bd3 Nc6 6. Be2 e6 7. O-O Nf6 8. d4 cxd4 9. Nxd4 d6 10. Be3 Be7 11. f4 O-O 12. Qe1 Qc7 13. Qg3 Kh8 14. Bd3 Nb4 15. Rac1 Nxd3 16. cxd3 Qd8 17. Kh1 Bd7 18. a4 Rc8 19. e5 Ne8 20. f5 dxe5 21. fxe6 exd4 22. exd7 Qxd7 23. Ne4 dxe3 24. Rxc8 Qxc8 25. Qxe3 Nd6 26. Ng3 Qd7 27. Qd4 f6 28. a5 Rd8 29. Qh4 Bf8 30. Qh5 Qf7 31. Qf3 Nb5 32. Nf5 Qd5 33. Qg4 Nd4 34. Nh4 Nc6 35. h3 Qxd3 36. Rf3 Qd1+ 37. Kh2 Bd6+ 38. g3 Qe2+ 39. Ng2 Ne5 40. Qxg7+ Kxg7 41. Rf4 Nf3+ 42. Rxf3 Qxf3 43. Nf4 Bxf4 44. gxf4 Qxf4+ 45. Kg2 Rd3 46. h4 Qf3+ 47. Kh2 Rd2+ 0-1


[Site "https://www.chess.com"]

[Event "Titled Tuesday Blitz October 18 Late 2022"]
[White "Hajiyev, Kanan"]
[Black "Hoffmann, Asa"]
[WhiteFideId "13404148"]
[BlackFideId "2001470"]
[WhiteElo "2118"]
[BlackElo "2117"]
[Result "1-0"]
[Round "05"]
[TimeControl "180+1"]
[Date "2022.10.19"]
[WhiteClock "0:00:32"]
[BlackClock "0:00:59"]

1. d4 Nf6 2. Nf3 d6 3. c4 c6 4. g3 Bf5 5. Bg2 h6 6. O-O Nbd7 7. Nc3 e5 8. Qb3 Qb6 9. c5 Qxb3 10. axb3 e4 11. Nd2 dxc5 12. e3 cxd4 13. exd4 Be7 14. Ndxe4 O-O 15. Re1 Rfe8 16. Bf4 Bb4 17. Nd6 Bxd6 18. Bxd6 Rxe1+ 19. Rxe1 Re8 20. Rxe8+ Nxe8 21. Bc5 Nxc5 22. dxc5 Nc7 23. b4 a6 24. Kf1 Kf8 25. Ke2 Ke7 26. Ke3 Be6 27. Kd4 Bb3 28. Bh3 Ne6+ 29. Bxe6 Kxe6 30. Ke4 f5+ 31. Kf4 g5+ 32. Ke3 Ke5 33. f4+ gxf4+ 34. gxf4+ Kf6 35. Ne2 Bc2 36. Nd4 Be4 37. Nb3 Ke6 38. Kd4 Kd7 39. Ke5 h5 40. h4 Kc7 41. Nd4 b6 42. Nxf5 Bf3 43. Nd4 Bg4 44. f5 a5 45. cxb6+ Kxb6 46. bxa5+ Kxa5 47. Nxc6+ Kb6 48. f6 Kxc6 49. f7 1-0


[Site "https://www.chess.com"]

[Event "Titled Tuesday Blitz October 18 Late 2022"]
[White "Harish, Neeraj"]
[Black "Izuzquiza Gonzalez, Javier"]
[WhiteFideId "30958130"]
[BlackFideId "3101029"]
[WhiteElo "1815"]
[BlackElo "2034"]
[Result "1-0"]
[Round "05"]
[TimeControl "180+1"]
[Date "2022.10.19"]
[WhiteClock "0:00:09"]
[BlackClock "0:00:05"]

1. e4 c5 2. Nf3 e6 3. d4 cxd4 4. Nxd4 a6 5. Bd3 Nf6 6. O-O Qc7 7. Qe2 d6 8. c4 g6 9. Nc3 Bg7 10. f4 O-O 11. Nf3 Nc6 12. Be3 Ng4 13. Bd2 b6 14. h3 Nf6 15. Rae1 Bb7 16. b3 Nd7 17. Rc1 Nc5 18. Bb1 Qe7 19. Kh1 Rfe8 20. Nd1 Rad8 21. Bc3 Bxc3 22. Nxc3 Qf6 23. g3 d5 24. e5 Qg7 25. cxd5 exd5 26. Qd1 d4 27. Ne4 Nxe4 28. Bxe4 Qh6 29. Bxc6 Qxh3+ 30. Nh2 Bxc6+ 31. Rxc6 Qxg3 32. Qg4 Qd3 33. Rxb6 Qe4+ 34. Qf3 Qc2 35. Rd6 Rxd6 36. exd6 d3 37. Rd1 Rd8 38. Ng4 Rxd6 39. Ne5 d2 40. Qe2 f6 41. Nc4 Rd3 42. Rxd2 Rh3+ 43. Kg2 Qf5 44. Qe8+ Kg7 45. Qd7+ Qxd7 46. Rxd7+ Kh6 47. Kxh3 1-0


[Site "https://www.chess.com"]

[Event "Titled Tuesday Blitz October 18 Late 2022"]
[White "Harshal, Shahi"]
[Black "Omariev, Maksim"]
[WhiteFideId "5048257"]
[BlackFideId "4193423"]
[WhiteElo "2054"]
[BlackElo "2421"]
[Result "0-1"]
[Round "05"]
[TimeControl "180+1"]
[Date "2022.10.19"]
[WhiteClock "0:00:02"]
[BlackClock "0:00:07"]

1. e4 c5 2. Nf3 d6 3. d4 cxd4 4. Nxd4 Nf6 5. Nc3 a6 6. Be3 Ng4 7. Bg5 h6 8. Bh4 g5 9. Bg3 Bg7 10. Be2 h5 11. h4 gxh4 12. Bxh4 Nc6 13. Nf5 Bxf5 14. exf5 Qa5 15. Qd2 Qxf5 16. Nd5 Rc8 17. c3 Bh6 18. f4 e6 19. Bxg4 hxg4 20. Nf6+ Kf8 21. Qxd6+ Kg7 22. Nh5+ Kg6 23. Ng3 Qxf4 24. Qd3+ f5 25. Qe2 Ne5 26. Rd1 Bg5 27. Rf1 Bxh4 28. Rxf4 Bxg3+ 29. Kd2 Bxf4+ 30. Kc2 Kf6 31. Rg1 g3 32. Rf1 Ng6 33. Re1 e5 34. Qf3 e4 35. Qf1 Rcd8 36. Qc4 Rd6 37. Rf1 Rhd8 38. a4 Rd2+ 39. Kb3 Rxg2 40. Qc5 Re8 41. Qd4+ Re5 42. Qd6+ Kg5 43. Qd8+ Kg4 44. Qg8 Kg5 45. Qd8+ Re7 46. Rh1 e3 47. Qh8 Rh2 48. Rxh2 gxh2 49. Qh3 e2 50. Qg2+ Kf6 51. Qd5 e1=Q 52. Qd4+ Kg5 53. Qb6 h1=Q 54. Qd8 Qe6+ 0-1


[Site "https://www.chess.com"]

[Event "Titled Tuesday Blitz October 18 Late 2022"]
[White "Harvey, Marcus R"]
[Black "Ter-Sahakyan, Samvel"]
[WhiteFideId "400092"]
[BlackFideId "13302531"]
[WhiteElo "2457"]
[BlackElo "2604"]
[Result "0-1"]
[Round "05"]
[TimeControl "180+1"]
[Date "2022.10.18"]
[WhiteClock "0:00:08"]
[BlackClock "0:00:11"]

1. Nf3 d5 2. b3 c5 3. e3 a6 4. Bb2 Nc6 5. d4 Nf6 6. Be2 Bg4 7. O-O e6 8. c4 cxd4 9. cxd5 Nxd5 10. Nxd4 Bxe2 11. Qxe2 Nxd4 12. Bxd4 Nf6 13. Qf3 Qd5 14. Qxd5 Nxd5 15. Rc1 f6 16. e4 Nf4 17. Kf1 Bd6 18. Nd2 b5 19. Nf3 e5 20. Be3 Ne6 21. Rc6 Kd7 22. Rac1 Rhc8 23. Rxc8 Rxc8 24. Rxc8 Kxc8 25. Ke2 Kc7 26. Ne1 Kc6 27. Nd3 a5 28. g3 a4 29. f4 exf4 30. gxf4 g6 31. h3 f5 32. Kf3 Nd8 33. Nb2 axb3 34. axb3 Nb7 35. Nd3 Na5 36. b4 Nc4 37. e5 Be7 38. Bc5 Bd8 39. e6 Bf6 40. Ne5+ Nxe5+ 41. fxe5 Bxe5 42. Ke3 g5 43. Kf3 h5 44. Ke3 Bd6 45. Kd4 g4 46. e7 Bxc5+ 47. bxc5 Kd7 48. hxg4 hxg4 49. Kd5 g3 50. e8=Q+ Kxe8 51. Kc6 g2 52. Kb7 g1=Q 53. c6 Qg2 54. Kb6 Qxc6+ 55. Kxc6 f4 56. Kxb5 f3 57. Kc4 f2 58. Kd3 f1=Q+ 0-1


[Site "https://www.chess.com"]

[Event "Titled Tuesday Blitz October 18 Late 2022"]
[White "Hirneise, Jens"]
[Black "Roque Sola, Gisela"]
[WhiteFideId "24614734"]
[BlackFideId "5120241"]
[WhiteElo "2344"]
[BlackElo "1961"]
[Result "1/2-1/2"]
[Round "05"]
[TimeControl "180+1"]
[Date "2022.10.19"]
[WhiteClock "0:00:09"]
[BlackClock "0:00:52"]

1. d4 Nf6 2. Bg5 e6 3. Nd2 Be7 4. e4 d5 5. Bxf6 Bxf6 6. e5 Be7 7. f4 c5 8. Ngf3 Nc6 9. Nb3 cxd4 10. Nbxd4 Qb6 11. Nb3 Bd7 12. Bd3 Nb4 13. c3 Nxd3+ 14. Qxd3 Rc8 15. Qd4 Bc5 16. Nxc5 Qxc5 17. Qxc5 Rxc5 18. O-O-O Ke7 19. Rd4 Rhc8 20. Kd2 Rb5 21. b3 Rbc5 22. Rc1 a5 23. a4 b5 24. axb5 Rxb5 25. b4 axb4 26. cxb4 Rcb8 27. Rb1 f6 28. Rb2 Be8 29. g4 Bg6 30. exf6+ gxf6 31. Ke3 h5 32. h3 hxg4 33. hxg4 Kd6 34. f5 exf5 35. gxf5 Bxf5 36. Rh4 Be4 37. Nd2 Rxb4 38. Rxb4 Rxb4 39. Nxe4+ dxe4 40. Rxe4 Rb1 41. Kf2 Kd5 42. Re8 f5 43. Re7 Rb4 44. Kf3 Kd6 45. Re8 Kd5 46. Re7 Re4 47. Rxe4 fxe4+ 48. Ke3 Ke5 49. Ke2 Kd4 50. Kd2 e3+ 51. Ke2 Ke4 52. Ke1 Kd3 53. Kd1 e2+ 54. Ke1 Ke3 1/2-1/2


[Site "https://www.chess.com"]

[Event "Titled Tuesday Blitz October 18 Late 2022"]
[White "Holt, Conrad"]
[Black "Andreikin, Dmitry"]
[WhiteFideId "2034387"]
[BlackFideId "4158814"]
[WhiteElo "2592"]
[BlackElo "2736"]
[Result "0-1"]
[Round "05"]
[TimeControl "180+1"]
[Date "2022.10.18"]
[WhiteClock "0:00:02"]
[BlackClock "0:00:05"]

1. d4 d5 2. c4 e6 3. Nc3 c5 4. cxd5 cxd4 5. Qa4+ Bd7 6. Qxd4 exd5 7. Qxd5 Nc6 8. Nf3 Nf6 9. Qb3 Bc5 10. Bf4 O-O 11. e3 Be6 12. Qc2 Nb4 13. Qb1 Qc8 14. Be2 Bf5 15. e4 Nxe4 16. Nxe4 Re8 17. Nfd2 Bxe4 18. Nxe4 Qf5 19. Bf3 Qxf4 20. O-O Bd4 21. a3 Nc6 22. Ng3 Ne5 23. Be2 g6 24. Ra2 Rac8 25. b3 f5 26. Bb5 Red8 27. Ne2 Qh6 28. Nxd4 Rxd4 29. Qe1 Qf4 30. Re2 Rc5 31. Bc4+ Kg7 32. b4 Nf3+ 33. gxf3 Rcxc4 34. Re7+ Kh6 35. Qe3 Qxe3 36. Rxe3 Kg5 37. Rfe1 Rd2 38. Re7 Rcc2 39. Rf1 Rc3 40. Kg2 Rxa3 41. Rxb7 h5 42. b5 h4 43. b6 axb6 44. Rxb6 Rdd3 45. f4+ Kh5 46. Rb4 h3+ 47. Kg1 Kg4 48. Rb6 Kh5 49. Rb8 Rf3 50. Rh8+ Kg4 51. Rh6 Ra6 52. Kh1 Rxf4 53. Rg1+ Kf3 54. Rxh3+ Kxf2 55. Rg2+ Kf1 56. Rg1+ Ke2 57. Rhg3 Rf2 58. Rxg6 Ra2 59. R6g2 Ke3 60. Rxf2 Rxf2 61. Re1+ Re2 62. Rf1 f4 63. Kg1 f3 64. h4 Rg2+ 65. Kh1 Rg4 0-1


[Site "https://www.chess.com"]

[Event "Titled Tuesday Blitz October 18 Late 2022"]
[White "Ibadov, Dashgyn"]
[Black "Boyer, Mahel"]
[WhiteFideId "24107514"]
[BlackFideId "45102422"]
[WhiteElo "2501"]
[BlackElo "2756"]
[Result "1-0"]
[Round "05"]
[TimeControl "180+1"]
[Date "2022.10.19"]
[WhiteClock "0:00:06"]
[BlackClock "0:00:05"]

1. e4 c5 2. Nf3 Nc6 3. d4 cxd4 4. Nxd4 e5 5. Nb5 d6 6. N1c3 a6 7. Na3 Be7 8. Nc4 b5 9. Ne3 Nf6 10. Be2 O-O 11. Ned5 b4 12. Nxf6+ Bxf6 13. Nd5 Bg5 14. O-O Bxc1 15. Rxc1 Be6 16. Bc4 a5 17. Ne3 Rc8 18. Qd3 Nd4 19. c3 Nc6 20. Rfd1 bxc3 21. bxc3 Qf6 22. Qxd6 Rfd8 23. Qa3 Qg6 24. Bxe6 fxe6 25. Qa4 Rf8 26. Rd6 Ne7 27. Qd7 Qf6 28. Qxe6+ Qxe6 29. Rxe6 Ng6 30. Nd5 Rc4 31. f3 Rb8 32. Rc2 Rb1+ 33. Kf2 Ra1 34. Ra6 a4 35. Rb2 Rc8 36. Rxa4 Rc1 37. Ra7 Nf4 38. Nb6 Ne6 39. Nxc8 Nf8 40. Ne7+ 1-0


[Site "https://www.chess.com"]

[Event "Titled Tuesday Blitz October 18 Late 2022"]
[White "Itkis, Boris"]
[Black "Papayan, Oleg"]
[WhiteFideId "1209167"]
[BlackFideId "4193911"]
[WhiteElo "2232"]
[BlackElo "2153"]
[Result "0-1"]
[Round "05"]
[TimeControl "180+1"]
[Date "2022.10.19"]
[WhiteClock "0:00:11"]
[BlackClock "0:00:15"]

1. c4 e5 2. Nf3 e4 3. Nd4 Nc6 4. e3 Nf6 5. Nc3 Nxd4 6. exd4 Bb4 7. Be2 O-O 8. a3 Bxc3 9. dxc3 c5 10. dxc5 a5 11. Be3 a4 12. O-O Qe7 13. Qd4 Ra6 14. Rad1 h6 15. Bf4 Re8 16. Bd6 Qe6 17. Rfe1 Nh7 18. Bf1 f5 19. Qd5 Nf6 20. Qxe6+ dxe6 21. f4 Bd7 22. Be5 Bc6 23. Rd6 Nd7 24. Red1 Nxc5 25. Be2 Kf7 26. Bd4 Nb3 27. c5 Ra5 28. Bc4 Nxc5 29. Be5 g6 30. h4 h5 31. Kf2 e3+ 32. Kxe3 Bxg2 33. Rd8 Ra8 34. Rxa8 Rxa8 35. Rd6 Re8 36. Bd4 Ne4 37. Rb6 Nf6 38. Rxb7+ Bxb7 0-1


[Site "https://www.chess.com"]

[Event "Titled Tuesday Blitz October 18 Late 2022"]
[White "Janaszak, Dawid"]
[Black "Sukandar, Irine Kharisma"]
[WhiteFideId "1119206"]
[BlackFideId "7101937"]
[WhiteElo "2631"]
[BlackElo "2481"]
[Result "0-1"]
[Round "05"]
[TimeControl "180+1"]
[Date "2022.10.19"]
[WhiteClock "0:00:13"]
[BlackClock "0:00:33"]

1. e4 c5 2. Nc3 d6 3. d4 cxd4 4. Qxd4 Nf6 5. b3 g6 6. Bb2 Bg7 7. O-O-O O-O 8. Kb1 Nc6 9. Qd2 Qa5 10. Nge2 Ng4 11. Nf4 Nxf2 12. Qxf2 Bxc3 13. Rd5 Qb4 14. a3 Qxe4 15. Bxc3 e5 16. Rxd6 Qxf4 17. Qe1 Bf5 18. Bb5 Nd4 19. Rf1 Qg4 20. Bxd4 exd4 21. h3 Qxg2 22. Rg1 Qxc2+ 23. Ka1 Qxb3 24. Qb4 Qxb4 25. axb4 Rfd8 26. Rf6 Be6 27. Bd3 Rac8 28. Kb2 Rc3 29. Rf3 Rb3+ 30. Kc2 Rc8+ 31. Kd2 Rb2+ 32. Kd1 Bb3+ 0-1


[Site "https://www.chess.com"]

[Event "Titled Tuesday Blitz October 18 Late 2022"]
[White "Jaracz, Pawel"]
[Black "Keymer, Vincent"]
[WhiteFideId "1102222"]
[BlackFideId "12940690"]
[WhiteElo "2459"]
[BlackElo "2600"]
[Result "0-1"]
[Round "05"]
[TimeControl "180+1"]
[Date "2022.10.18"]
[WhiteClock "0:00:02"]
[BlackClock "0:00:04"]

1. e4 c6 2. d4 d5 3. Nc3 dxe4 4. Nxe4 Nf6 5. Nxf6+ exf6 6. Be3 Bd6 7. Bd3 Nd7 8. Ne2 f5 9. O-O Nf6 10. h3 O-O 11. c4 Re8 12. Qc2 g6 13. Rad1 Bd7 14. Bg5 Rc8 15. Nc3 Bb8 16. Rfe1 Qc7 17. g3 Nh5 18. Ne2 Qd6 19. Nf4 Rxe1+ 20. Rxe1 Nxf4 21. Bxf4 Qxd4 22. Bxb8 Rxb8 23. Re7 Be6 24. Qc3 Qxc3 25. bxc3 c5 26. Be2 a5 27. Kg2 b6 28. Kf3 Kg7 29. Rc7 Kf6 30. h4 Ke5 31. Ke3 Kd6 32. Ra7 h6 33. Kf4 f6 34. Rh7 g5+ 35. Ke3 f4+ 36. gxf4 Re8 37. Kd2 gxf4 38. Rxh6 Ke5 39. Rh5+ f5 40. Rh6 Rd8+ 41. Ke1 Rg8 42. Kf1 f3 43. Bxf3 Bxc4+ 44. Be2 Be6 45. h5 a4 46. a3 f4 47. Rh7 Bd5 48. Ke1 f3 49. Bd3 Rg1+ 50. Kd2 Ra1 51. Re7+ Kf4 52. h6 Ra2+ 53. Kc1 Rxf2 54. h7 Rh2 55. Rg7 c4 0-1


[Site "https://www.chess.com"]

[Event "Titled Tuesday Blitz October 18 Late 2022"]
[White "Jimenez Almeida, Luis David"]
[Black "Bogaudinov, Rushan"]
[WhiteFideId "22242244"]
[BlackFideId "4129288"]
[WhiteElo "2158"]
[BlackElo "1945"]
[Result "0-1"]
[Round "05"]
[TimeControl "180+1"]
[Date "2022.10.19"]
[WhiteClock "0:00:06"]
[BlackClock "0:00:15"]

1. e4 c5 2. Nc3 Nc6 3. g3 h5 4. h4 e6 5. Bg2 Nf6 6. Nge2 d5 7. exd5 exd5 8. d3 d4 9. Ne4 Be7 10. Bf4 O-O 11. Qd2 Be6 12. Ng5 Bd5 13. O-O Bxg2 14. Kxg2 Qd5+ 15. Kg1 Ng4 16. b3 f6 17. Ne4 Rae8 18. Rae1 Nce5 19. Bxe5 Nxe5 20. f4 Ng4 21. Nc1 f5 22. c4 Qc6 23. Ng5 Bxg5 24. hxg5 Rxe1 25. Rxe1 Re8 26. Rxe8+ Qxe8 27. Qe2 Qe3+ 28. Qxe3 Nxe3 29. Kf2 Kf7 30. a3 Nc2 31. a4 Ke6 32. Ne2 Kd6 33. Ng1 Na1 34. Nf3 Nxb3 35. Ne5 Nd2 36. Ke2 Ne4 37. dxe4 fxe4 38. Ng6 Ke6 39. Nh4 b6 40. Ng6 Kf5 41. Ne5 h4 42. gxh4 Kxf4 43. Nf7 Kg4 44. Nd6 e3 45. g6 Kxh4 46. Nf5+ Kg5 47. Nxg7 Kxg6 48. Ne6 Kf5 49. Nc7 Ke4 50. Nd5 d3+ 51. Ke1 Kd4 52. Kd1 e2+ 53. Kd2 Kxc4 54. Ne3+ Kb4 55. Ng2 c4 56. Ne1 Kxa4 57. Kc3 b5 58. Nf3 Ka3 59. Ne1 Ka2 60. Nf3 Kb1 61. Ne1 Kc1 62. Nf3 Kd1 63. Kb2 e1=Q 0-1


[Site "https://www.chess.com"]

[Event "Titled Tuesday Blitz October 18 Late 2022"]
[White "Jobava, Baadur"]
[Black "Matinian, Nikita"]
[WhiteFideId "13601520"]
[BlackFideId "24129100"]
[WhiteElo "2582"]
[BlackElo "2422"]
[Result "0-1"]
[Round "05"]
[TimeControl "180+1"]
[Date "2022.10.18"]
[WhiteClock "0:00:27"]
[BlackClock "0:00:12"]

1. e4 e5 2. Nf3 Nc6 3. d4 exd4 4. Nxd4 Bc5 5. Nb3 Bb6 6. Nc3 Nge7 7. Be2 O-O 8. O-O d6 9. a4 a6 10. a5 Ba7 11. Kh1 f5 12. Ra4 f4 13. Nd5 Ng6 14. Bg4 Bxg4 15. Qxg4 Nce5 16. Qe6+ Kh8 17. f3 c6 18. Nc3 Rf6 19. Qh3 Nf8 20. Qh4 Ne6 21. Ne2 g5 22. Qe1 Qe8 23. Rb4 Qh5 24. h3 Rf7 25. Qc3 Rg8 26. Rd1 g4 27. fxg4 Rxg4 28. Rxd6 f3 29. Rxe6 fxg2+ 30. Kh2 g1=Q+ 31. Nxg1 Rf2+ 32. Kh1 Rxg1+ 33. Kxg1 Qd1+ 34. Qe1 Qxe1# 0-1


[Site "https://www.chess.com"]

[Event "Titled Tuesday Blitz October 18 Late 2022"]
[White "Kamsky, Gata"]
[Black "Yanchenko, Roman"]
[WhiteFideId "2000024"]
[BlackFideId "4137329"]
[WhiteElo "2666"]
[BlackElo "2514"]
[Result "1-0"]
[Round "05"]
[TimeControl "180+1"]
[Date "2022.10.18"]
[WhiteClock "0:00:59"]
[BlackClock "0:00:04"]

1. e4 e6 2. d4 d5 3. Nc3 Bb4 4. e5 Ne7 5. a3 Bxc3+ 6. bxc3 b6 7. Qg4 Kf8 8. Nf3 Ba6 9. Bd3 c5 10. O-O Bxd3 11. cxd3 Nbc6 12. dxc5 bxc5 13. a4 Qa5 14. Ba3 h5 15. Qf4 Kg8 16. Rfc1 Rb8 17. Qe3 d4 18. cxd4 Nf5 19. Qe4 Ncxd4 20. Bxc5 Nb3 21. Rab1 Kh7 22. Bd6 Rbc8 23. Rd1 Nc5 24. Bxc5 Qxc5 25. h3 Rc7 26. g4 hxg4 27. hxg4 Kg6 28. gxf5+ exf5 29. Qf4 Rh5 30. Kg2 Rd7 31. Rh1 1-0


[Site "https://www.chess.com"]

[Event "Titled Tuesday Blitz October 18 Late 2022"]
[White "Korchmar, Vasiliy"]
[Black "Ovezdurdyyeva, Jemal"]
[WhiteFideId "24131750"]
[BlackFideId "14001888"]
[WhiteElo "2711"]
[BlackElo "2383"]
[Result "0-1"]
[Round "05"]
[TimeControl "180+1"]
[Date "2022.10.19"]
[WhiteClock "0:00:14"]
[BlackClock "0:00:26"]

1. e4 d6 2. d4 Nf6 3. Nc3 g6 4. f4 c6 5. Nf3 Bg7 6. Bd3 b5 7. O-O O-O 8. e5 dxe5 9. dxe5 Nd5 10. Nxd5 Qxd5 11. Qe1 Be6 12. Be4 Qd7 13. Be3 Bf5 14. Rd1 Qc8 15. Qh4 f6 16. Bd3 Bxd3 17. Rxd3 Na6 18. Rfd1 Nb4 19. Rd7 Nd5 20. R1xd5 cxd5 21. Rxe7 Qxc2 22. exf6 Rxf6 23. Bd4 Raf8 24. Bxf6 Rxf6 25. Qg5 Qc5+ 26. Kh1 Qxe7 27. Qxd5+ Qf7 28. Qxb5 Qxa2 29. h4 Qb1+ 30. Kh2 Qf5 31. Qc4+ Kh8 32. g3 h6 33. Ne5 Rb6 34. b3 Bxe5 35. fxe5 Qxe5 36. Qc8+ Kh7 37. Qd7+ Qg7 38. Qd3 h5 0-1


[Site "https://www.chess.com"]